 Dungeon Crawl Stone Soup version 0.28.0-53-g5a82cb258f (webtiles) character file.

Game seed: 11300369806358890668

3136 hawla the Destroyer (level 9, -4/100 HPs)
             Began as a Yellow Draconian Conjurer on June 20, 2022.
             Was a Believer of Vehumet.
             Slain by a hellwing (7 damage)
             ... on level 5 of the Dungeon.
             The game lasted 00:32:11 (8368 turns).

hawla the Destroyer (Yellow Draconian Conjurer)     Turns: 8368, Time: 00:32:12

Health: -4/100     AC: 28    Str:  9    XL:     9   Next: 61%
Magic:  3/14       EV:  2    Int: 22    God:    Vehumet [**....]
Gold:   162        SH:  5    Dex: 11    Spells: 8/15 levels left

rFire   . . .      SeeInvis .   f - staff of poison
rCold   . . .      Faith    .   (no shield)
rNeg    . . .      Spirit   .   (armour unavailable)
rPois   +          Reflect  +   (helmet currently unavailable)
rElec   .          Harm     .   (cloak currently unavailable)
rCorr   .          Rampage  .   (gloves currently unavailable)
Will    .....      NoTele   +   (boots currently unavailable)
Stlth   ++........              e - amulet of reflection
HPRegen 0.26/turn               x - +4 ring of protection
MPRegen 0.14/turn               w - ring of poison resistance

@: tree-form (expiring), on berserk cooldown, slowed, very slow
A: stationary, stasis, torment immunity, boosted hp, (spit acid), AC +7,
unfitting armour, (cold-blooded), (acid resistance)
a: Renounce Religion


You were on level 5 of the Dungeon.
You worshipped Vehumet.
Vehumet was pleased with you.
You were a tree.
You visited 2 branches of the dungeon, and saw 8 of its levels.

You collected 162 gold pieces.

Inventory:

Missiles
 g - 4 datura-tipped darts
 j - 25 poisoned darts
 k - 3 boomerangs (quivered)
Armour
 B - a +2 pair of gloves (melded)
 C - a +1 cloak (melded)
Magical Staves
 f - a staff of poison (weapon)
Jewellery
 a - a ring of see invisible
 e - an amulet of reflection (around neck)
 m - a ring of fire
 w - a ring of poison resistance (right branch)
 x - a +4 ring of protection (left branch)
Wands
 r - a wand of flame (11)
 s - a wand of iceblast (10)
Scrolls
 c - 3 scrolls of fog
 h - 2 scrolls of fear
 o - a scroll of noise
 u - a scroll of identify
Potions
 b - 2 potions of cancellation
 d - 3 potions of flight
 p - a potion of attraction
 E - a potion of might {unknown}


   Skills:
 + Level 2.0 Fighting
 + Level 2.7 Staves
 + Level 3.8 Dodging
 - Level 2.2 Stealth
 + Level 2.3 Shields
 + Level 3.9 Spellcasting
 + Level 11.0 Conjurations
 + Level 4.4 Translocations
 + Level 1.0 Poison Magic
 + Level 1.1 Evocations


You had 8 spell levels left.
You knew the following spells:

 Your Spells              Type           Power      Damage    Failure   Level
a - Magic Dart            Conj           100%       1d8       1%          1
b - Searing Ray           Conj           100%       2d8       1%          2
c - Iskenderun's Mystic   Conj/Tloc      38%        2d9       4%          4

Your spell library contained the following spells:

 Spells                   Type           Power      Damage    Failure   Level
 Static Discharge         Conj/Air       28%        N/A       1%          2
 Dazzling Flash           Conj/Hex       56%        N/A       3%          3
 Fulminant Prism          Conj/Hex       14%        3d9       12%         4
 Ozocubu's Armour         Ice            4%         N/A       34%         3
 Summon Forest            Summ/Tloc      7%         N/A       77%         5
 Metabolic Englaciation   Hex/Ice        2%         N/A       97%         5
 Summon Mana Viper        Hex/Summ       4%         N/A       97%         5
 Simulacrum               Ice/Necr       2%         N/A       100%        6
 Summon Cactus Giant      Summ           2%         N/A       100%        6
 Borgnjor's Revivificati  Necr           2%         N/A       100%        8
 Necromutation            Tmut/Necr      2%         N/A       100%        8
 Death's Door             Necr           2%         N/A       100%        9


Dungeon Overview and Level Annotations

Branches:
Dungeon (7/15)             Temple (1/1) D:4

Altars:
Ashenzari
Fedhas
Gozag
Hepliaklqana
Kikubaaqudgha
Makhleb
Okawaru
Qazlal
Ru
Trog
Uskayaw
Vehumet
Wu Jian
Yredelemnul
Zin
The Shining One

Shops:
D:3 (


Innate Abilities, Weirdness & Mutations

You are a tree.
Your roots penetrate the ground, keeping you stationary.
You cannot be teleported.
You are immune to unholy pain and torment.
Your maximum health is greatly increased.
Your equipment is partially melded.
((You can spit globs of acid.))
((Your golden yellow scales are hard. (AC +7)))
You cannot fit into any form of body armour.
((You are cold-blooded and may be slowed by cold attacks.))
((You are resistant to acid. (rCorr)))


Message History

You barely miss the hellwing.
The hellwing is lightly wounded.
You hit the hellwing but do no damage.
The hellwing is lightly wounded.
Your transformation is almost over.
The hellwing hits you but does no damage. x2
You hit the hellwing.
The hellwing is lightly wounded.
The hellwing completely misses you. You block the hellwing's attack.
You hit the hellwing but do no damage.
The hellwing is lightly wounded.
You hit the hellwing but do no damage.
The hellwing is lightly wounded.
The hellwing hits you but does no damage. x2
You closely miss the hellwing.
The hellwing is lightly wounded.
You block the hellwing's attack.
The hellwing hits you but does no damage.
You hit the hellwing.
The hellwing is lightly wounded.
You are no longer berserk.
You are exhausted.
You feel yourself slow down.
Casting: Searing Ray (safe; 1% risk of failure)
Confirm with . or Enter, or press ? or * to list all spells.
Aiming: Searing Ray (safe; 1% risk of failure)
Press: ? - help, Shift-Dir - straight line, f/p - hellwing
Aim: a hellwing (lightly wounded, 83% to hit)
The searing ray hits the hellwing.
The hellwing is lightly wounded. (Press . to maintain the ray.)
The hellwing hits you but does no damage.
The hellwing hits you.
* * * LOW HITPOINT WARNING * * *
The hellwing completely misses you. The hellwing barely misses you.
The searing ray hits the hellwing but does no damage.
The hellwing is lightly wounded.
The hellwing hits you but does no damage.
The hellwing hits you!
You die...

#.# #.# #.# #.#
#.# #.# ###### #.#
.....# #.# ######
#♣# ### #4# #§#
#.# ##### #.#
###...### #.#
#§#._.#§#####.#
#######.####...>.#
....#§#.#§########
#######.#######


You could see a hellwing.

Vanquished Creatures
  2 wolf spider zombies (D:7)
  2 centaur skeletons (D:7)
  Sigmund (D:4)
  A black bear (D:5)
  A bullfrog (D:6)
  2 scorpions (D:5)
  2 bullfrog zombies (D:5)
  4 centaur zombies
  2 hounds
  3 jellies
  Jessica (D:3)
  A killer bee zombie (D:6)
  Robin (D:3)
  6 gnolls
  8 adders
  A howler monkey skeleton (D:7)
  A shadow imp (D:7)
  3 white imps
  3 worms
  3 dart slugs
  11 orcs
  6 endoplasms
  4 giant cockroaches
  9 hobgoblins
  12 kobolds
  5 quokkas
  8 ball pythons
  4 bats
  4 frilled lizards
  28 goblins
  7 rats
146 creatures vanquished.

Vanquished Creatures (collateral kills)
  3 shadow imps (D:7)
3 creatures vanquished.

Vanquished Creatures (others)
  37 plants
  2 withered plants (D:7)
39 creatures vanquished.

Grand Total: 188 creatures vanquished

Notes
Turn   | Place    | Note
-------+----------+-------------------------------------------
     0 | D:1      | hawla the Draconian Conjurer began the quest for the Orb.
     0 | D:1      | Reached XP level 1. HP: 14/14 MP: 3/3
    14 | D:1      | You fall into a shaft and drop 1 floor!
    30 | D:2      | Reached XP level 2. HP: 7/20 MP: 0/5
   340 | D:1      | Learned a level 2 spell: Searing Ray
  1066 | D:1      | Reached XP level 3. HP: 26/26 MP: 4/6
  1407 | D:2      | Found a faded altar of an unknown god.
  1519 | D:2      | Reached skill level 5 in Conjurations
  2353 | D:3      | Noticed Robin
  2355 | D:3      | Reached XP level 4. HP: 33/33 MP: 3/7
  2526 | D:2      | Learned a level 4 spell: Iskenderun's Mystic Blast
  2643 | D:3      | Killed Robin
  2716 | D:3      | Found a hazy altar of Hepliaklqana.
  2771 | D:3      | Found a bloodstained altar of Trog.
  2777 | D:3      | Noticed Jessica
  2780 | D:3      | Killed Jessica
  2822 | D:3      | Found Ubleism's Weapon Emporium.
  3038 | D:3      | Found a radiant altar of Vehumet.
  3061 | D:3      | Reached XP level 5. HP: 34/38 MP: 2/9
  3061 | D:3      | Became a worshipper of Vehumet
  3063 | D:3      | Reached skill level 1 in Poison Magic
  3247 | D:3      | Found a blossoming altar of Fedhas.
  3599 | D:4      | Reached skill level 1 in Evocations
  3817 | D:4      | Found a staircase to the Ecumenical Temple.
  3831 | Temple   | Entered the Ecumenical Temple
  4260 | D:4      | Found an iron altar of Okawaru.
  4415 | D:4      | Noticed Sigmund
  4422 | D:4      | Killed Sigmund
  4423 | D:4      | Reached skill level 1 in Staves
  4423 | D:4      | Reached skill level 6 in Conjurations
  4423 | D:4      | Reached XP level 6. HP: 30/46 MP: 1/10
  4748 | D:5      | Entered Level 5 of the Dungeon
  4810 | D:5      | Reached skill level 1 in Shields
  4903 | D:5      | Reached * piety under Vehumet
  4903 | D:5      | Offered knowledge of Sandblast by Vehumet.
  5608 | D:5      | Your scales start taking on a golden yellow colour.
  5608 | D:5      | Reached XP level 7. HP: 51/51 MP: 7/12
  5608 | D:5      | Gained mutation: You are resistant to acid. (rCorr) [Yellow
                  | Draconian growth]
  5702 | D:5      | Reached skill level 1 in Translocations
  5818 | D:5      | Reached skill level 7 in Conjurations
  6596 | D:5      | Found an ornate altar of the Wu Jian Council.
  7298 | D:6      | Reached skill level 8 in Conjurations
  7528 | D:7      | Reached XP level 8. HP: 52/58 MP: 2/13
  7528 | D:7      | Noticed a hellwing
  7529 | D:7      | Noticed a hellwing
  7542 | D:7      | Offered knowledge of Static Discharge by Vehumet.
  7600 | D:7      | Reached ** piety under Vehumet
  7708 | D:7      | Reached skill level 9 in Conjurations
  7755 | D:7      | Reached skill level 10 in Conjurations
  7755 | D:7      | Reached XP level 9. HP: 13/63 MP: 5/14
  7814 | D:7      | Reached skill level 1 in Fighting
  8150 | D:7      | Reached skill level 11 in Conjurations
  8333 | D:5      | HP: 5/100 [hellwing (4)]
  8352 | D:5      | HP: 7/150 [hellwing (10)]
  8359 | D:5      | HP: 4/150 [hellwing (5)]
  8367 | D:5      | HP: 3/100 [hellwing (1)]
  8368 | D:5      | Slain by a hellwing

Illustrated notes

Levels and vault maps discovered:
D:1:      dpeg_arrival_windows_large_door, layout_rooms, serial_corexii_hall,
          corexii_hall_statues_u, corexii_hall_statues_s
D:2:      layout_basic, hellmonk_ecumenical_altar_blasted,
          minmay_strange_pillars
D:3:      layout_rooms, mainiacjoe_overflow_tiny_flanked, fedhas_ov_isle_minmay,
          mainiacjoe_overflow_concentric_impassable,
          mainiacjoe_overflow_cross_hatched, serial_shops, shop,
          serial_bayou_pond_b, uniq_grinder, uniq_jessica, uniq_robin
D:4:      layout_basic, nicolae_overflow_hidden_temple,
          minmay_temple_entry_ruins, serial_bayou, serial_bayou_lagoon_a,
          serial_bayou_crossing, serial_bayou_pond_d, serial_bayou_pond_b,
          uniq_sigmund
D:5:      corexii_shantytown, layout_basic, pdpol_wu_jian_five_deadly_venoms,
          serial_bayou_pond_e
D:6:      layout_rooms, portal_sewer_entry_a, chequers_serial_rivers_micro_c
D:7:      cheibrodos_grave_circle, layout_cave_pools,
          mainiacjoe_overflow_alcove_1, serial_shops, shop_statue,
          chequers_ossuary_entry_cave, corexii_hall_statues_i
Temple:   compressed_dpeg_circular_temple

Skill      XL: |  1  2  3  4  5  6  7  8  9 |
---------------+----------------------------+-----
Dodging        | 2 3 |  3.8
Conjurations   | 5 6 8 10 11 | 11.0
Stealth        | 2 |  2.2
Poison Magic   | 1 |  1.0
Evocations     | 1 |  1.1
Staves         | 1 2 |  2.7
Spellcasting   | 3 |  3.9
Shields        | 1 2 |  2.3
Translocations | 3 4 |  4.4
Fighting       | 2 |  2.0

Action                   |  1- 3 |  4- 6 |  7- 9 || total
-------------------------+-------+-------+-------++-------
Melee: Unarmed           |    22 |       |       ||    22
       Staff             |     8 |    35 |   148 ||   191
       Tailslap          |     1 |     6 |    38 ||    45
Throw: Boomerang         |       |       |     5 ||     5
 Cast: Magic Dart        |    53 |    43 |    32 ||   128
       Searing Ray       |    11 |    40 |    32 ||    83
       Iskenderun's Myst |       |     1 |    10 ||    11
Evoke: Wand              |       |       |     2 ||     2
  Use: Scroll            |     5 |     2 |     9 ||    16
       Potion            |       |       |    13 ||    13
 Stab: Sleeping          |       |     3 |       ||     3
Armor: Skin              |    11 |    38 |   209 ||   258
Dodge: Dodged            |    14 |    50 |   180 ||   244
Block: Other             |     3 |    24 |    24 ||    51
       Reflection        |     1 |     2 |       ||     3
       Orb               |       |       |    42 ||    42
